 Dungeon Crawl Stone Soup version 0.26.1-13-g052cdd8df3 (webtiles) character file.

Game seed: 6964633178523480230

16080 sankara the Martial Artist (level 12, -5/106 HPs)
             Began as a Minotaur Transmuter on Jan 25, 2022.
             Was a High Priest of Okawaru.
             Slain by a jumping spider (7 damage)
             ... on level 3 of the Lair of Beasts.
             The game lasted 00:53:11 (18212 turns).

sankara the Martial Artist (Minotaur Transmuter)   Turns: 18212, Time: 00:53:11

Health: -5/106     AC:  8    Str: 15    XL:     12   Next: 6%
Magic:  8/16       EV: 14    Int: 14    God:    Okawaru [*****.]
Gold:   845        SH:  0    Dex: 16    Spells: 4/14 levels left

rFire    . . .     SeeInvis .   b - +2 hand crossbow "Riunn" {freeze, rC+ Int+4}
rCold    + + .     Faith    .   f - +0 buckler
rNeg     . . .     Spirit   .   y - +0 robe {rC+}
rPois    +         Reflect  .   (helmet restricted)
rElec    .         Harm     .   E - +2 cloak {Will+}
rCorr    .         Rampage  .   s - +0 pair of gloves
Will     +....                  L - +0 pair of boots
Stlth    +++.......             r - amulet of the acrobat
HPRegen  0.27/turn              O - ring of poison resistance
MPRegen  0.15/turn              P - +4 ring of evasion

@: about to teleport, heroism, held
A: retaliatory headbutt, horns 2
a: Renounce Religion, Heroism, Finesse


You were on level 3 of the Lair of Beasts.
You worshipped Okawaru.
Okawaru was extremely pleased with you.
You visited 3 branches of the dungeon, and saw 13 of its levels.
You also visited: Ossuary.

You collected 845 gold pieces.

Inventory:

Hand Weapons
 b - the +2 hand crossbow "Riunn" (weapon) {freeze, rC+ Int+4}
   (You found it on level 7 of the Dungeon)

   It causes projectiles fired from it to freeze those they strike, causing
   extra injury to most foes and up to half again as much damage against
   particularly susceptible opponents.
   They can also slow down cold-blooded creatures.
   It affects your intelligence (+4).
   It protects you from cold.
 S - the +6 scimitar of True Grit {pain, Int+3}
   (Okawaru gifted it to you on level 2 of the Lair of Beasts)

   In the hands of one skilled in necromantic magic, it inflicts extra damage on
   living creatures.
   It affects your intelligence (+3).
Missiles
 d - 484 stones
 m - 15 poisoned darts (quivered)
 o - 14 boomerangs
 w - 164 sling bullets
 R - 6 silver javelins
Armour
 f - a +0 buckler (worn)
 s - a +0 pair of gloves (worn)
 y - a +0 robe of cold resistance (worn)
 E - a +2 cloak of willpower (worn)
 L - a +0 pair of boots (worn)
 T - a +1 leather armour of poison resistance
Jewellery
 c - an uncursed ring of protection from fire
 g - an uncursed ring of protection from cold
 i - an uncursed ring of protection from cold
 r - an amulet of the acrobat (around neck)
 N - a +6 ring of strength
 O - a ring of poison resistance (left hand)
 P - a +4 ring of evasion (right hand)
Wands
 a - a wand of random effects (21)
 l - a wand of digging (1)
 n - a wand of iceblast (5)
 p - a wand of acid (33)
 F - a wand of enslavement (10)
 G - a wand of polymorph (7)
Scrolls
 e - 4 scrolls of remove curse
 h - 11 scrolls of identify
 j - 5 scrolls of teleportation
 k - 2 scrolls of fear
 u - 4 scrolls of fog
 H - 2 scrolls of enchant armour
 I - 2 scrolls of blinking
 M - a scroll of magic mapping
 Q - 2 scrolls of silence
Potions
 q - a potion of flight
 t - 5 potions of berserk rage
 v - a potion of haste
 x - 2 potions of curing
 z - 3 potions of might
 A - a potion of invisibility
 B - a potion of brilliance
 C - 3 potions of resistance
 D - 3 potions of lignification
 J - 2 potions of ambrosia


   Skills:
 + Level 10.2(15.2) Fighting
 - Level 5.0(10.0) Dodging
 - Level 4.0(9.0) Shields
 + Level 10.9(15.9) Unarmed Combat
 - Level 1.5 Spellcasting
 + Level 8.3 Transmutations
 - Level 4.0 Ice Magic
 - Level 4.0 Poison Magic
 - Level 7.0 Invocations


You had 4 spell levels left.
You knew the following spells:

 Your Spells              Type           Power        Failure   Level
a - Beastly Appendage     Tmut           48%          1%          1
b - Wereblood             Tmut           24%          1%          2
c - Spider Form           Tmut/Pois      9%           6%          3
e - Ice Form              Ice/Tmut       18%          21%         4

Your spell library contained the following spells:

 Spells                   Type           Power        Failure   Level
 Freeze                   Ice            48%          4%          1
 Frozen Ramparts          Ice            24%          14%         3
 Ozocubu's Armour         Ice            12%          14%         3
 Foxfire                  Conj/Fire      4%           26%         1
 Conjure Flame            Conj/Fire      1%           58%         3
 Inner Flame              Hex/Fire       1%           58%         3
 Hailstorm                Conj/Ice       6%           73%         4
 Summon Ice Beast         Ice/Summ       6%           73%         4
 Sticky Flame             Conj/Fire      1%           94%         4
 Summon Lightning Spire   Summ/Air       1%           94%         4
 Blade Hands              Tmut           12%          22%         5
 Fireball                 Conj/Fire      0%           100%        5
 Silence                  Hex/Air        0%           100%        5
 Conjure Ball Lightning   Conj/Air       0%           100%        6
 Tornado                  Air            0%           100%        9


Dungeon Overview and Level Annotations

Branches:
Dungeon (9/15)             Temple (1/1) D:4            Lair (3/6) D:9
 Spider (0/4) Lair:3      Ossuary (visited)
  Swamp: Lair:2-4    Shoals: Lair:2-4       Orc: D:9-12

Altars:
Fedhas
Makhleb
Okawaru
Ru
Sif Muna
Vehumet
Wu Jian
Yredelemnul

Shops:
D:4 *

Annotations:
D:8 3 runed translucent doors, MajorAdolf's ghost, novice NaWn; orehx's ghost, novice OpCj; sixsigma's ghost, journeyman GnCj; sixsigma's ghost, novice GnCj


Innate Abilities, Weirdness & Mutations

You reflexively headbutt those who attack you in melee.
You have a pair of horns on your head.


Message History

You feel strangely stable.
Your magical effects are unravelling.
You feel magically purged.
You warm up again.
The +2 hand crossbow "Riunn" {freeze, rC+ Int+4} unmelds from your body.
Your +2 cloak of willpower unmelds from your body.
Your +0 pair of gloves unmelds from your body.
Your +0 pair of boots unmelds from your body.
Your +0 buckler unmelds from your body.
Your +0 robe of cold resistance unmelds from your body.
The +2 hand crossbow "Riunn" {freeze, rC+ Int+4} is covered in frost.
You feel strong-willed.
You feel resistant to cold.
The jumping spider leaps! x2
As you read the scroll of teleportation, it crumbles to dust.
You feel strangely unstable.
Unknown command.
You feel better.
The jumping spider leaps! x2
The jumping spider pounces on you!
* * * LOW HITPOINT WARNING * * *
The jumping spider bites you!
You die...

## #.###............##...#
.###..##......#..........#
...........°.####..##...##
............s.#.#.##.#..##
.....<......○............#
...........○............##
...............s........#
.####..###.....s........#
.# #.P# #......@.......##
.## ....##..##≈≈≈#####..P#
..#.....# ##.ss# #...#
......... #^.>.^ #...#
.#P.....## #.#...# #...#
.##.... #.###.## #..## .#
.... ## ^# #...# .# .## #
#...# .# # #...#


You could see 3 jumping spiders and 2 redbacks.

Vanquished Creatures
  5 hydras
  4 black mambas
  6 cane toads
  2 rime drakes
  4 komodo dragons
  Grinder (D:5)
  Sigmund (D:2)
  4 wyverns
  2 basilisks (Lair:2)
  5 yaks (D:9)
  Menkaure (D:6)
  10 water moccasins
  A sky beast (D:8)
  Duvessa (D:5)
  2 orc warriors (D:9)
  A black bear (Lair:1)
  2 ogres (D:6)
  2 phantoms
  6 wolves (Lair:2)
  2 centaurs
  Blork the orc (D:5)
  12 bullfrogs
  A wyvern zombie (D:9)
  3 water moccasin zombies (Ossuary)
  Dowan (D:5)
  10 killer bees (D:9)
  3 scorpions
  12 wights
  2 howler monkeys (D:7)
  3 hounds
  A jelly (D:7)
  A centaur zombie (D:8)
  5 orc priests
  A bullfrog skeleton (D:4)
  A centaur skeleton (D:6)
  10 orc wizards
  Jessica (D:2)
  Terence (D:3)
  Natasha (thrice) (D:2)
  6 worker ants
  4 big kobold zombies (Ossuary)
  2 hound zombies
  A hound skeleton (D:4)
  2 mummies (Ossuary)
  2 worker ant zombies
  3 gnolls (D:8)
  A howler monkey skeleton (D:6)
  8 adders
  A shadow imp (D:6)
  A white imp (D:8)
  2 ufetubi
  An ooze (D:3)
  2 adder zombies (Ossuary)
  An adder skeleton (D:4)
  2 worms
  A dart slug (D:1)
  5 leopard geckos
  33 orcs
  A ball python (D:6)
  12 bats
  4 giant cockroaches
  7 hobgoblins
  12 jackals
  8 kobolds
  6 quokkas
  11 frilled lizards
  10 goblins
  4 hobgoblin zombies (Ossuary)
  4 jackal skeletons
  5 kobold zombies (Ossuary)
  A leopard gecko skeleton (D:2)
  8 orc zombies (Ossuary)
  A quokka zombie (D:9)
  9 rats
315 creatures vanquished.

Vanquished Creatures (others)
  12 fungi
  7 plants
19 creatures vanquished.

Grand Total: 334 creatures vanquished

Notes
Turn   | Place    | Note
-------+----------+-------------------------------------------
     0 | D:1      | sankara the Minotaur Transmuter began the quest for the
                  | Orb.
     0 | D:1      | Reached XP level 1. HP: 16/16 MP: 1/1
   174 | D:1      | Reached XP level 2. HP: 22/23 MP: 1/3
   640 | D:1      | Learned a level 2 spell: Wereblood
   996 | D:2      | Reached XP level 3. HP: 26/28 MP: 2/4
  1052 | D:2      | Noticed Natasha
  1056 | D:2      | Noticed Jessica
  1057 | D:2      | Killed Natasha
  1074 | D:2      | Killed Jessica
  1075 | D:2      | Reached XP level 4. HP: 25/35 MP: 5/5
  1590 | D:2      | Noticed Natasha
  1717 | D:2      | Killed Natasha
  1921 | D:2      | Found a sacrificial altar of Ru.
  2008 | D:2      | Noticed Sigmund
  2379 | D:3      | Noticed Terence
  2405 | D:3      | Reached skill level 5 in Unarmed Combat
  2405 | D:3      | Reached XP level 5. HP: 40/40 MP: 4/6
  3218 | D:3      | HP: 2/40 [orc priest/+0 hand axe (4)]
  3594 | D:3      | Reached XP level 6. HP: 47/47 MP: 5/7
  3829 | D:3      | Learned a level 3 spell: Spider Form
  3897 | D:3      | Killed Terence
  4629 | D:4      | Reached skill level 1 in Poison Magic
  4966 | D:4      | Found a staircase to the Ecumenical Temple.
  4980 | Temple   | Entered the Ecumenical Temple
  5001 | Temple   | Became a worshipper of Warmaster Okawaru
  5028 | D:3      | Reached XP level 7. HP: 33/52 MP: 6/8
  5423 | D:4      | Found Caek's Assorted Antiques.
  5601 | D:5      | Entered Level 5 of the Dungeon
  5632 | D:5      | Noticed Blork the orc
  5657 | D:5      | Killed Blork the orc
  5819 | D:5      | Noticed Grinder
  5821 | D:5      | Paralysed by Grinder for 3 turns
  5844 | D:5      | Paralysed by Grinder for 5 turns
  6230 | D:5      | Paralysed by Grinder for 2 turns
  6246 | D:5      | Killed Grinder
  6398 | D:5      | Reached * piety under Okawaru
  6428 | D:5      | Noticed Dowan
  6431 | D:5      | Noticed Duvessa
  6440 | D:5      | Killed Dowan
  6442 | D:5      | Killed Duvessa
  6443 | D:5      | Reached skill level 5 in Transmutations
  6443 | D:5      | Reached XP level 8. HP: 37/63 MP: 4/9
  6874 | D:2      | Killed Sigmund
  6958 | D:2      | Noticed Natasha
  6966 | D:2      | Killed Natasha
  7298 | D:5      | Reached ** piety under Okawaru
  7368 | D:6      | Reached skill level 5 in Fighting
  7432 | D:6      | Found a sand-covered staircase.
  7475 | Ossuary  | Entered an ossuary
  7692 | Ossuary  | Reached skill level 1 in Invocations
  7934 | D:6      | Reached XP level 9. HP: 70/75 MP: 6/10
  8755 | D:6      | Noticed Menkaure
  8770 | D:6      | Killed Menkaure
  8771 | D:6      | Reached skill level 1 in Shields
  9163 | D:7      | Found a shimmering blue altar of Sif Muna.
  9220 | D:7      | Found a blossoming altar of Fedhas.
  9235 | D:7      | Reached *** piety under Okawaru
  9630 | D:7      | Identified a scroll of acquirement
  9630 | D:7      | Acquired a +2 cloak of willpower
  9837 | D:7      | Found a radiant altar of Vehumet.
 10156 | D:7      | Got a faintly glowing hand crossbow
 10157 | D:7      | Identified the cursed +2 hand crossbow "Riunn" {freeze, rC+
                  | Int+4} (You found it on level 7 of the Dungeon)
 10689 | D:8      | Found a runed translucent gate.
 10689 | D:8      | Found a runed translucent gate.
 10689 | D:8      | Found a runed translucent gate.
 10690 | D:8      | Noticed MajorAdolf's ghost (novice NaWn)
 10690 | D:8      | Noticed sixsigma's ghost (novice GnCj)
 10691 | D:8      | Noticed orehx's ghost (novice OpCj)
 10691 | D:8      | Noticed sixsigma's ghost (journeyman GnCj)
 11885 | D:9      | Got a dazzling war axe
 11887 | D:9      | Identified the cursed +0 war axe "Transmigrator" {venom,
                  | rF- Int+4 Dex+4} (You found it on level 9 of the Dungeon)
 12211 | D:9      | Reached XP level 10. HP: 65/86 MP: 7/11
 12590 | D:9      | Found a radiant altar of Vehumet.
 12682 | D:9      | Found a staircase to the Lair.
 12895 | D:9      | Reached **** piety under Okawaru
 13775 | Lair:1   | Entered Level 1 of the Lair of Beasts
 13777 | Lair:1   | Noticed a black mamba
 13789 | D:9      | Killed a black mamba
 13835 | Lair:1   | Reached skill level 5 in Invocations
 13860 | Lair:1   | Noticed a cane toad
 13875 | Lair:1   | Killed a cane toad
 13953 | D:9      | Learned a level 4 spell: Ice Form
 13965 | Lair:1   | Noticed a black mamba
 13980 | Lair:1   | Killed a black mamba
 13980 | Lair:1   | Reached ***** piety under Okawaru
 14128 | Lair:1   | Noticed a seven-headed hydra
 14139 | Lair:1   | Killed a seven-headed hydra
 14140 | Lair:1   | Reached skill level 10 in Unarmed Combat
 14140 | Lair:1   | Reached skill level 1 in Ice Magic
 14494 | Lair:1   | Reached XP level 11. HP: 95/95 MP: 9/14
 14931 | Lair:1   | Got a smoking quarterstaff
 14932 | Lair:1   | Identified the +5 quarterstaff "Kutsuitie" {venom, rElec}
                  | (You found it on level 1 of the Lair of Beasts)
 14994 | Lair:1   | Noticed a five-headed hydra
 15020 | Lair:1   | Killed a five-headed hydra
 16310 | Lair:2   | Noticed an eight-headed hydra
 16317 | Lair:2   | Killed an eight-headed hydra
 16317 | Lair:2   | Received a gift from Okawaru
 16655 | Lair:2   | Noticed a six-headed hydra
 16661 | Lair:2   | Killed a six-headed hydra
 16661 | Lair:2   | Received a gift from Okawaru
 16662 | Lair:2   | Got a bone scimitar {god gift}
 16663 | Lair:2   | Identified the +6 scimitar of True Grit {pain, Int+3}
                  | (Okawaru gifted it to you on level 2 of the Lair of Beasts)
 17574 | Lair:3   | Noticed a four-headed hydra
 17580 | Lair:3   | Killed a four-headed hydra
 17581 | Lair:3   | Reached skill level 10 in Fighting
 17581 | Lair:3   | Reached skill level 5 in Dodging
 17764 | Lair:3   | Reached XP level 12. HP: 90/106 MP: 12/16
 18194 | Lair:3   | Found a hole to the Spider Nest.
 18212 | Lair:3   | HP: 2/106 [jumping spider (15)]
 18212 | Lair:3   | Slain by a jumping spider

Illustrated notes

Levels and vault maps discovered:
D:1:      erik_arrival_blinker_ship, layout_basic, serial_glass,
          glass_columns_b, glass_columns_c, glass_columns_a, glass_columns_b
D:2:      minmay_spotlight, layout_basic, nicolae_ru_the_path_less_chosen,
          uniq_natasha, uniq_sigmund, uniq_jessica
D:3:      layout_basic, uniq_terence
D:4:      layout_cave_pools, minmay_temple_entry_water_ring, serial_shops,
          nicolae_shop_window_shopping
D:5:      layout_basic, uniq_grinder, uniq_blork_the_orc, uniq_duvessa
D:6:      layout_cave_pools, nicolae_ossuary_entry_false_entrances,
          uniq_menkaure
D:7:      layout_loops_ring, kennysheep_mini, basic_altar, lemuel_statue_altar
D:8:      layout_loops_ring, gammafunk_ghost_cemetery, small_statue_intersection
D:9:      layout_loops_ring, lair_entry_dummy, basic_altar
Temple:   nicolae_temple_the_god_donut
Lair:1:   layout_layer_cave, grunt_megastairs_3
Lair:2:   layout_cave_pods, grunt_megastairs_5
Lair:3:   layout_regular_city, nicolae_spider_entry_tight_spaces, st_stairs_12,
          lemuel_fruit_tree

Skill      XL: |  1  2  3  4  5  6  7  8  9 10 11 12 |
---------------+-------------------------------------+-----
Transmutations | 2 3 4 5 6 7 8 |  8.3
Unarmed Combat | 4 5 6 8 9 10 | 10.9
Poison Magic   | 1 2 3 4 |  4.0
Fighting       | 3 5 7 8 10 | 10.2
Invocations    | 1 3 5 6 7 |  7.0
Shields        | 3 4 |  4.0
Ice Magic      | 1 4 |  4.0
Dodging        | 5 |  5.0
Spellcasting   | |  1.5

Action                   |  1- 3 |  4- 6 |  7- 9 | 10-12 || total
-------------------------+-------+-------+-------+-------++-------
Melee: Unarmed           |    77 |   166 |   435 |   304 ||   982
       Kick              |    10 |    28 |     4 |       ||    42
       Headbutt          |    12 |    17 |     3 |       ||    32
       Punch             |     1 |     2 |     1 |       ||     4
Throw: Dart              |       |       |       |     5 ||     5
 Cast: Beastly Appendage |    18 |    39 |     8 |       ||    65
       Spider Form       |       |     5 |    67 |    14 ||    86
       Ice Form          |       |       |       |    26 ||    26
Invok: Heroism           |       |       |     3 |    11 ||    14
       Finesse           |       |       |       |     4 ||     4
 Abil: End Transformatio |       |     1 |       |     1 ||     2
Evoke: Wand              |       |       |       |     4 ||     4
  Use: Potion            |       |     5 |       |     2 ||     7
       Scroll            |       |     1 |    20 |     6 ||    27
 Stab: Sleeping          |       |     1 |     2 |     1 ||     4
Armor: Robe              |     9 |    29 |    10 |     1 ||    49
       Skin              |       |     4 |    16 |    20 ||    40
Dodge: Dodged            |    47 |   116 |   309 |   224 ||   696
Block: Buckler           |       |       |     1 |     1 ||     2
